AoeStats
← BN27

Glade

510492938Analyzed
1v1 RM · 2d ago on Oct 1, 2026· 26m 48s· 2 players
Game mode
Random Map
Map size
Tiny (2 player)
Population
200
Speed
Normal
Resources
Standard
Victory
Conquest
Starting age
Dark Age
Ending age
Imperial Age
RankedLock teamsTeams togetherTeam positionsShared explorationLock speedFull tech treeHidden civsTurbo modeCheats
Victory
Defeat
🇩🇪 Varangians · Germany
1706
+16
🇪🇸 Bohemians · Spain
1701
-16
korn
11:49 Feudal Age
10:44 Loom
15:56 Castle Age
14:15 Double-Bit Axe
14:20 Horse Collar
17:49 Bow Saw
BN27
10:06 Feudal Age
9:26 Loom
14:34 Castle Age
13:30 Double-Bit Axe
13:59 Horse Collar
20:03 Bow Saw
Connection lost

Rejoining the realm…

Still unreachable

The connection could not be restored.

Session expired

The server has moved on; the page needs a fresh start.